 Dungeon Crawl Stone Soup version 0.21.1-1-g345015f (webtiles) character file.

72 Harpaggios the Stinger (level 4, -1/38 HPs)
             Began as a Naga Venom Mage on June 12, 2018.
             Slain by Terence
             ... wielding a +0 flail
              (4 damage)
             ... on level 2 of the Dungeon.
             The game lasted 00:18:09 (1094 turns).

Harpaggios the Stinger (Naga Venom Mage)            Turns: 1094, Time: 00:18:09

Health: -1/38      AC:  5    Str: 11    XL:     4   Next: 26%
Magic:  1/8        EV: 10    Int: 16    God:
Gold:   86         SH:  0    Dex: 11    Spells: 7/8 levels left

rFire    . . .     SeeInvis +   j - +2 dagger (drain)
rCold    . . .     Gourm    .   (no shield)
rNeg     . . .     Faith    .   a - +0 robe
rPois    +         Spirit   .   l - +2 helmet
rElec    .         Reflect  .   (no cloak)
rCorr    .         Harm     .   (no gloves)
MR       .....                  (no barding)
Stlth    ++........             (no amulet)
HPRegen  0.12/turn              (no ring)
MPRegen  0.11/turn              (no ring)

@: short of breath, very slow
A: large, see invisible, deformed body, poison resistance, slowness 2, slow
metabolism 1, spit poison 1, AC +1
a: Spit Poison


You were on level 2 of the Dungeon.
You were not hungry.

You visited 1 branch of the dungeon, and saw 2 of its levels.

You collected 86 gold pieces.

Inventory:

Hand Weapons
 j - a +2 dagger of draining (weapon)
Missiles
 f - 5 javelins (quivered)
Armour
 a - a +0 robe (worn)
 l - a +2 helmet (worn)
Scrolls
 i - a scroll of enchant weapon
 k - a scroll of blinking {unknown}
Potions
 g - a potion of cancellation {unknown}
 h - a potion of magic {unknown}
Books
 b - a Young Poisoner's Handbook

   Spells                             Type                      Level
   a - Sting                          Conjuration/Poison           1
   b - Poisonous Vapours              Poison/Air                   2
   c - Mephitic Cloud                 Conjuration/Poison/Air       3
   d - Olgreb's Toxic Radiance        Poison                       4
   e - Venom Bolt                     Conjuration/Poison           5
Comestibles
 c - 2 rations
 m - 2 chunks of flesh


   Skills:
 + Level 1.2 Fighting
 + Level 0.8 Armour
 + Level 2.0 Dodging
 + Level 3.7 Stealth
 * Level 2.7 Spellcasting
 - Level 1.0 Conjurations
 + Level 4.4 Poison Magic


You had 7 spell levels left.
You knew the following spells:

 Your Spells              Type           Power        Failure   Level  Hunger
a - Sting                 Conj/Pois      ##..         6%          1    #......


Dungeon Overview and Level Annotations

Branches:
Dungeon (2/15)

Altars:

Annotations:
D:2 Terence


Innate Abilities, Weirdness & Mutations

You cannot wear boots.
Your serpentine skin is tough. (AC +1)
You have supernaturally acute eyesight. (SInv)
Armour fits poorly on your strangely shaped body.
Your system is resistant to poisons. (rPois)
You cover ground very slowly.
You have a slow metabolism.
You can spit poison.


Message History

Confirm with . or Enter, or press ? or * to list all spells.
Aiming: Sting
Press: ? - help, Shift-Dir - straight line, f/p - Terence
Aim: Terence, wielding a flail and wearing a scale mail (heavily wounded)
The sting hits Terence.
Terence is heavily wounded.
You have got your breath back.
Terence closely misses you.
Press: ? - help, Shift-Dir - straight line, f/p - Terence
Aim: Terence, wielding a flail and wearing a scale mail (heavily wounded)
The splash of poison hits Terence.
Terence appears unharmed.
Terence is heavily wounded.
You feel slightly more hungry. Terence closely misses you.
You have got your breath back.
Press: ? - help, Shift-Dir - straight line, f/p - Terence
Aim: Terence, wielding a flail and wearing a scale mail (heavily wounded)
The splash of poison hits Terence.
Terence appears unharmed.
Terence is heavily wounded.
You feel slightly more hungry. Terence hits you with a flail.
You die...

#.#.# ######.#.###
...........#
.#####.##.#
#...#.# #...#w# #
#...#.#
#.#####.##@#####.#
#.........@......#
####.#.###.#######
#.....###.##
#.....##...##
#......<....###
#.....##)..##..
#.....###÷###.#
###÷### #.# #.#
#.# #.# #.#


You could see Terence and a worm.

Vanquished Creatures
  Robin (D:2)
  2 adders (D:2)
  An ooze (D:1)
  A dart slug (D:1)
  2 giant cockroaches
  15 goblins
  3 hobgoblins
  4 bats
  A frilled lizard (D:2)
  2 kobolds (D:1)
  2 rats
34 creatures vanquished.

Notes
Turn   | Place    | Note
-------+----------+-------------------------------------------
     0 | D:1      | Harpaggios the Naga Venom Mage began the quest for the Orb.
     0 | D:1      | Reached XP level 1. HP: 15/15 MP: 3/3
   203 | D:1      | Reached XP level 2. HP: 22/24 MP: 3/5
   532 | D:2      | Reached XP level 3. HP: 30/30 MP: 6/6
   540 | D:2      | Reached skill level 1 in Fighting
   768 | D:2      | Noticed Robin
   792 | D:2      | Killed Robin
   858 | D:2      | Reached XP level 4. HP: 23/38 MP: 2/7
  1062 | D:2      | Noticed Terence
  1094 | D:2      | Slain by Terence

Skill      XL: |  1  2  3  4 |
---------------+-------------+-----
Fighting       | 1 |  1.2
Dodging        | 2 |  2.0
Armour         | |  0.8
Stealth        | |  3.7
Spellcasting   | |  2.7
Conjurations   | |  1.0
Poison Magic   | |  4.4

Action                   |  1- 3 |  4- 6 || total
-------------------------+-------+-------++-------
Melee: Unarmed           |    13 |       ||    13
       Dagger            |    10 |     6 ||    16
 Cast: Sting             |    36 |    16 ||    52
 Abil: Spit Poison       |     9 |     7 ||    16
  Use: Scroll            |       |     2 ||     2
  Eat: Chunk             |       |     1 ||     1
Armor: Robe              |    16 |     1 ||    17
Dodge: Dodged            |    22 |     9 ||    31
